 Dungeon Crawl Stone Soup version 0.18-a0-1120-g03bd624 (console) character file.

907 FIQ the Insei (level 8, -5/41 HPs)
             Began as a Vine Stalker Transmuter on Jan 18, 2016.
             Shot with an arrow of frost by a centaur (7 damage)
             ... on level 5 of the Dungeon.
             The game lasted 00:10:54 (3452 turns).

FIQ the Insei (Vine Stalker Transmuter)             Turns: 3452, Time: 00:10:54

Health: -5/41      AC:  2    Str: 13    XL:     8   Next: 8%
Magic:  0/15       EV: 23    Int: 15    God:
Gold:   137        SH:  0    Dex: 26    Spells: 3 memorised, 10 levels left

rFire  . . .     SeeInvis .       - Unarmed
rCold  . . .     Gourm    .     (armour currently unavailable)
rNeg   . . .     Faith    .     (shield currently unavailable)
rPois  x         Spirit   +     (helmet currently unavailable)
rElec  .         Dismiss  .     (cloak currently unavailable)
rCorr  .         Reflect  .     (gloves currently unavailable)
SustAt .         Harm     .     (boots currently unavailable)
MR     ++...                    (no amulet)
Stlth  ++........               i - ring of protection from magic
                                g - +6 ring of dexterity

@: spider-form, very slightly contaminated, very resistant to hostile
enchantments, unstealthy
A: (fangs 0), regeneration 2, magic shield, (antimagic bite), no device heal 3,
rot immunity
a: End Transformation


You were on level 5 of the Dungeon.
You were hungry.
You were a venomous arachnid creature.
You visited 1 branch of the dungeon, and saw 5 of its levels.

You collected 137 gold pieces.

Inventory:

Missiles
 a - 72 arrows
 h - 10 arrows of flame
 t - 4 arrows of frost
Armour
 k - a +0 robe (melded)
 p - a cursed +0 pair of gloves (melded)
Jewellery
 g - a +6 ring of dexterity (left front leg)
 i - a ring of protection from magic (right front leg)
Wands
 f - a wand of frost (27/48)
 l - a wand of draining (6/15)
 o - a wand of lightning (0/15)
Scrolls
 b - 2 scrolls of teleportation
 e - 3 scrolls of identify
 n - a scroll of noise {unknown}
 r - a scroll of recharging {unknown}
 s - a scroll of remove curse
Potions
 j - a potion of flight {unknown}
Books
 c - a book of Changes

   Spells                             Type                      Level
   a - Beastly Appendage              Transmutation                1
   b - Sticks to Snakes               Transmutation                2
   c - Spider Form                    Transmutation/Poison         3
   d - Ice Form                       Ice/Transmutation            4
   e - Blade Hands                    Transmutation                5
Comestibles
 d - 4 bread rations
 m - 2 meat rations
 q - 3 chunks of flesh


   Skills:
 + Level 3.6 Fighting
 + Level 3.4 Dodging
 + Level 4.8 Unarmed Combat
 + Level 4.6 Spellcasting
 + Level 4.4 Transmutations


You had 10 spell levels left.
You knew the following spells:

 Your Spells              Type           Power        Failure   Level  Hunger
a - Beastly Appendage     Trmt           ###...       10%         1    None
b - Sticks to Snakes      Trmt           ###.....     14%         2    ##.....
c - Spider Form           Trmt/Pois      ##........   45%         3    ###....


Dungeon Overview and Level Annotations

Branches:
Dungeon (5/15)
 Temple: D:4-7

Altars:
Gozag
Makhleb
Sif Muna
Zin


Innate Abilities, Weirdness & Mutations

((You have razor-sharp teeth.))
You heal very quickly.
When hurt, damage is shared between your health and your magic reserves.
((Your bite disrupts and absorbs the magic of your enemies.))
Potions and wands cannot restore your health.
You are immune to rotting.


Message History

Your skin glows momentarily.
The centaur shouts!
The centaur shoots an arrow of frost.
The arrow of frost hits you. The arrow of frost freezes you.
The centaur shoots an arrow of frost.
The arrow of frost hits you. The arrow of frost freezes you.
A centaur zombie comes into view.
Casting: Spider Form
Confirm with . or Enter, or press ? or * to list all spells.
You miscast Spider Form.
You feel weak for a moment.
You are feeling hungry.
Casting: Spider Form
Confirm with . or Enter, or press ? or * to list all spells.
You turn into a venomous arachnid creature.
Your cursed +0 pair of gloves melds into your body.
Your +0 robe melds into your body.
The centaur shoots an arrow of frost.
The arrow of frost hits you! The arrow of frost freezes you.
A giant frog skeleton comes into view.
The centaur shoots an arrow of frost.
The arrow of frost hits you. The arrow of frost freezes you.
The centaur shoots an arrow of frost.
The arrow of frost hits you!
* * * LOW HITPOINT WARNING * * *
The arrow of frost freezes you!
You die...

.. ######'##....#######
........'....#..........
........#....#..........
.Z..c.#....#...##....#
#...Z#....#...##....#
#...>#....#.........+
.##...s#....#...>.....#
........(....+...##....#
..#######....##..##....#
#.......#'###'###....#
#.#..<....#.....[).....+
#.......).#......#######
#.........#......#
#.#.......#.......#
#.#.......#.......+
#.#.......##+###### .
#####>....


You could see a centaur, a centaur zombie and a giant frog skeleton (wandering).

Vanquished Creatures
  The ghost of FIQ the Ruffian, an amateur VSTm (D:4)
  Menkaure (D:4)
  A phantom (D:4)
  An ogre (D:3)
  A centaur (D:5)
  A giant frog (D:3)
  A giant frog skeleton (D:4)
  An orc priest (D:3)
  2 iguanas (D:4)
  3 orc wizards
  4 adders
  2 oozes
  A worm (D:3)
  A giant gecko (D:4)
  14 orcs
  3 giant cockroaches
  8 hobgoblins
  2 jackals (D:4)
  8 kobolds
  A quokka (D:2)
  2 ball pythons
  6 bats
  4 giant newts
  8 goblins
  7 rats
84 creatures vanquished.

Notes
Turn   | Place    | Note
--------------------------------------------------------------
     0 | D:1      | FIQ the Vine Stalker Transmuter began the quest for the Orb.
     0 | D:1      | Reached XP level 1. HP: 9/9 MP: 4/4
   167 | D:1      | Reached XP level 2. HP: 14/14 MP: 4/6
   476 | D:1      | Reached skill level 1 in Fighting
   625 | D:2      | Found a burning altar of Makhleb.
   625 | D:2      | Found a glowing silver altar of Zin.
   625 | D:2      | Noticed an angel
   625 | D:2      | Noticed a balrug
   686 | D:2      | Found an opulent altar of Gozag.
   695 | D:2      | Reached XP level 3. HP: 18/18 MP: 5/7
   808 | D:2      | Found a faded altar to an unknown god.
  1121 | D:3      | Noticed a giant frog
  1127 | D:3      | Killed a giant frog
  1127 | D:3      | Reached XP level 4. HP: 8/23 MP: 2/9
  1319 | D:3      | Noticed an ogre
  1365 | D:3      | Killed an ogre
  1365 | D:3      | Reached XP level 5. HP: 12/26 MP: 4/11
  1440 | D:3      | Found a deep blue altar of Sif Muna.
  1548 | D:3      | Gained mutation: You heal very quickly. [Vine Stalker growth]
  1548 | D:3      | Reached XP level 6. HP: 15/30 MP: 6/12
  1591 | D:3      | Learned a level 3 spell: Spider Form
  1930 | D:3      | Learned a level 2 spell: Sticks to Snakes
  2127 | D:4      | Noticed a phantom
  2128 | D:4      | Noticed FIQ's ghost (amateur VSTm)
  2474 | D:4      | Noticed Menkaure
  2670 | D:4      | Reached skill level 4 in Unarmed Combat
  2791 | D:4      | Killed FIQ's ghost
  2791 | D:4      | Reached XP level 7. HP: 36/36 MP: 3/14
  2969 | D:4      | Killed Menkaure
  3273 | D:5      | Entered Level 5 of the Dungeon
  3283 | D:5      | Gained mutation: You have razor-sharp teeth. [Vine Stalker growth]
  3283 | D:5      | Reached XP level 8. HP: 34/41 MP: 9/15
  3452 | D:5      | HP: 2/41 [centaur/arrow of frost (13)]
  3452 | D:5      | Shot with an arrow of frost by a centaur

Vault maps used:
D:1:      minmay_arrival_nine_rooms
D:2:      grunt_temple_overflow_order_and_chaos_2,
          nicolae_overflow_crystal_walls, ecumenical_altar_2
D:3:      led_sif_pool
D:4:      first_bread, uniq_menkaure
D:5:      minmay_temple_entry_junction, minivault_24, minmay_misc_feat_room,
          minmay_mini_ossuary

Action                   |  1- 3 |  4- 6 |  7- 9 || total
-------------------------+-------+-------+-------++-------
Melee: Unarmed           |    73 |   136 |    66 ||   275
 Cast: Beastly Appendage |    19 |     8 |     2 ||    29
       Spider Form       |       |    13 |     5 ||    18
       Sticks to Snakes  |       |       |     1 ||     1
Evoke: Wand              |       |     2 |       ||     2
  Use: Potion            |       |     6 |       ||     6
       Scroll            |       |     5 |       ||     5
 Stab: Sleeping          |     2 |     1 |     1 ||     4
       Invisible         |       |     5 |       ||     5
  Eat: Chunk             |     1 |     7 |     3 ||    11
